 Dungeon Crawl Stone Soup version 0.21-a0-233-g0929f2e (webtiles) character file.

82 JackS81 the Ruffian (level 4, 0/38 HPs)
             Began as a Ghoul Monk on Sept 2, 2017.
             Was a Believer of Ashenzari.
             Slain by an orc
             ... wielding a +0 dagger
              (6 damage)
             ... on level 3 of the Dungeon.
             The game lasted 00:08:24 (1117 turns).

JackS81 the Ruffian (Ghoul Monk)                    Turns: 1117, Time: 00:08:24

Health: 0/38       AC:  2    Str: 13 (14) XL:     4   Next: 43%
Magic:  3/3        EV: 13    Int:  5 (6)  God:    Ashenzari [**....]
Gold:   107        SH:  0    Dex:  8 (11) Spells: 3/3 levels left

rFire    . . .     SeeInvis .     - Unarmed
rCold    + . .     Gourm    .   (no shield)
rNeg     + + +     Faith    .   a - +0 robe
rPois    ∞         Spirit   .   (no helmet)
rElec    .         Reflect  .   (no cloak)
rCorr    .         Harm     .   (no gloves)
MR       .....                  (no boots)
Stlth    ++........             (no amulet)
HPRegen  0.00/turn              (no ring)
MPRegen  0.08/turn              (no ring)

@: rotting
A: rotting body, claws 1, carnivore 3, cold resistance 1, negative energy
resistance 3, inhibited regeneration, torment resistance, unbreathing
a: Curse Item, Scrying, Renounce Religion


You were on level 3 of the Dungeon.
You worshipped Ashenzari.
Ashenzari was pleased with you.
You were not hungry.

You visited 1 branch of the dungeon, and saw 3 of its levels.

You collected 107 gold pieces.

Inventory:

Missiles
 c - 3 poisoned needles
Armour
 a - a +0 robe (worn)
Jewellery
 g - an uncursed amulet of magic regeneration
 k - an uncursed amulet of regeneration
Scrolls
 i - a scroll of enchant armour
 l - a scroll of immolation
Comestibles
 f - a royal jelly


   Skills:
 - Level 3.2 Fighting
 * Level 3.6 Dodging
 - Level 2.1 Stealth
 * Level 4.6 Unarmed Combat


You had 3 spell levels left.
You didn't know any spells.

Dungeon Overview and Level Annotations

Branches:
Dungeon (3/15)

Altars:
Ashenzari
Fedhas
Ru
The Shining One


Innate Abilities, Weirdness & Mutations

Your body is rotting away.
You thrive on raw meat.
You are immune to poison.
You have sharp fingernails.
You are carnivorous and can eat meat at any time.
Your flesh is cold resistant. (rC+)
You are immune to negative energy. (rN+++)
You do not regenerate when monsters are visible.
You are immune to unholy pain and torment.
You can survive without breathing.


Message History

* * * LOW HITPOINT WARNING * * *
The orc moves out of view.
An orc comes into view. It is wielding a dagger.
The orc wizard mumbles some strange words.
The orc wizard flickers and vanishes!
Deactivating autopickup; reactivate with Ctrl-A.
You bump into the rock wall.
You feel less confused.
Okay, then.
As you read the scroll of teleportation, it crumbles to dust.
You feel strangely unstable. Something hits you but does no damage.
Your surroundings seem slightly different.
The orc hits you with a dagger.
* * * LOW HITPOINT WARNING * * *
The orc closely misses you.
You eat the meat ration.
That meat ration really hit the spot!
The orc hits you with a dagger.
* * * LOW HITPOINT WARNING * * *
You scratch the orc but do no damage. The orc hits you with a dagger.
You die...

* .. , .# , ..# * * , *
#### ..# ,, ...## ##..#
* * * * , ....#....# *
* ... #.*#.#...###<# *
.. #.# ##.##o........ *
#.# #.# #..@ooS...####
#.# #.# #.#####)### #.#
#.# #.# #(# * #.# #(#
#.#####{# * #.# #.#
#.#...#.##### ,
#.####.####.(###......#
#............#
#.........
#.#.########.#
#.##.....# ####.#.###
##...$. .....# ,


You could see an adder and 3 orcs.

Vanquished Creatures
  3 adders (D:2)
  A worm (D:2)
  A dart slug (D:1)
  2 leopard geckos (D:1)
  An orc (D:3)
  A ball python (D:2)
  8 bats
  3 giant cockroaches
  3 goblins
  6 hobgoblins
  2 jackals (D:2)
  4 kobolds
  A quokka (D:2)
  A frilled lizard (D:1)
  8 rats
45 creatures vanquished.

Notes
Turn   | Place    | Note
-------+----------+-------------------------------------------
     0 | D:1      | JackS81 the Ghoul Monk began the quest for the Orb.
     0 | D:1      | Reached XP level 1. HP: 19/19 MP: 0/0
    96 | D:1      | Found a shattered altar of Ashenzari.
   117 | D:1      | Became a worshipper of Ashenzari the Shackled
   117 | D:1      | Reached * piety under Ashenzari
   117 | D:1      | Reached ** piety under Ashenzari
   219 | D:1      | Reached XP level 2. HP: 9/26 MP: 1/1
   433 | D:2      | Found a sacrificial altar of Ru.
   448 | D:2      | Reached XP level 3. HP: 21/31 MP: 2/2
   476 | D:2      | Reached skill level 4 in Unarmed Combat
   583 | D:2      | Found a glowing golden altar of the Shining One.
   601 | D:2      | Found a blossoming altar of Fedhas.
   625 | D:2      | Reached XP level 4. HP: 28/38 MP: 3/3
  1117 | D:3      | Slain by an orc

Vault maps used:
D:1:      minmay_arrival_hallway, ashenzari_altar_1
D:2:      lemuel_round_altar, old_standard_altar, nicolae_ru_awakened_eye,
          first_bread, minmay_vboxes
D:3:      eat_drink_and_be_merry_uskayaw, nicolae_qazlal_general_emergency

Skill      XL: |  1  2  3 |
---------------+----------+-----
Dodging        | 3 |  3.6
Unarmed Combat | 4 |  4.6
Fighting       | |  3.2
Stealth        | |  2.1

Action                   |  1- 3 |  4- 6 || total
-------------------------+-------+-------++-------
Melee: Unarmed           |   111 |    34 ||   145
  Use: Potion            |     1 |     1 ||     2
       Scroll            |     3 |     3 ||     6
 Stab: Sleeping          |     3 |     2 ||     5
  Eat: Chunk             |    19 |     5 ||    24
       Meat ration       |       |     1 ||     1
Armor: Robe              |    25 |     8 ||    33
Dodge: Dodged            |    99 |    18 ||   117

Table legend:
 A = Spawn XP
 B = Non-spawn XP
 C = Spawn XP percentage of total XP
 D = Spawn monster count
 E = Non-spawn monster count
 F = Spawn count percentage of total count
 G = Total turns spent on level
                    A         B        C        D         E        F      G
               +---------+---------+-------+---------+---------+-------+---------
         Total |       6 |     112 |   5.1 |       2 |      43 |   4.4 |  1117
               +---------+---------+-------+---------+---------+-------+---------
           D:1 |       4 |      26 |  13.3 |       1 |      14 |   6.7 |   432
           D:2 |       2 |      81 |   2.4 |       1 |      27 |   3.6 |   615
           D:3 |       0 |       5 |   0.0 |       0 |       2 |   0.0 |    70
               +---------+---------+-------+---------+---------+-------+---------
